 Dungeon Crawl Stone Soup version 0.25.0-8-gfd19cd77bd (webtiles) character file.

Game seed: 8854279675088710472

59 DeadF the Sneak (level 3, -1/14 HPs)
             Began as a Felid Enchanter on June 16, 2020.
             Slain by an orc priest
             ... wielding a +0 hand axe
              (8 damage)
             ... on level 3 of the Dungeon.
             The game lasted 00:13:43 (4438 turns).

DeadF the Sneak (Felid Enchanter)                   Turns: 4438, Time: 00:13:43

Health: -1/14      AC:  1    Str:  4    XL:     3   Next: 78%
Magic:  7/7        EV: 19    Int: 16    God:
Gold:   174        SH:  0    Dex: 17    Spells: 1/7 levels left
                                        Lives:  0   Deaths: 1

rFire    . . .     SeeInvis +     - Unarmed
rCold    . . .     Gourm    .   (shield unavailable)
rNeg     . . .     Faith    .   (armour unavailable)
rPois    .         Spirit   .   (helmet unavailable)
rElec    .         Reflect  .   (cloak unavailable)
rCorr    .         Harm     .   (gloves unavailable)
MR       .....                  (boots unavailable)
Stlth    ++++......             (no amulet)
HPRegen  0.04/turn              (no ring)
MPRegen  0.10/turn              (no ring)

@: quick
A: very small, no armour, no weapons or thrown items, stealth, claws 1, fangs 3,
see invisible, carnivore, speed 1, shaggy fur 1, slow metabolism 1, sharp paws
a: no special abilities


You were on level 3 of the Dungeon.
You were full.

You visited 1 branch of the dungeon, and saw 4 of its levels.

You collected 174 gold pieces.

Inventory:

Jewellery
 m - an uncursed amulet of regeneration {unknown}
 o - an uncursed ring of magical power {unknown}
Scrolls
 a - a scroll of enchant weapon {unknown}
 e - 3 scrolls of blinking {unknown}
 f - 3 scrolls of identify {unknown}
 g - a scroll of remove curse {unknown}
 h - a scroll of amnesia {unknown}
 i - a scroll of enchant armour {unknown}
 l - a scroll of teleportation {unknown}
Potions
 c - 3 potions of stabbing {unknown}
 d - 3 potions of curing {unknown}
 j - 2 potions of mutation {unknown}
 k - 2 potions of resistance {unknown}
 n - a potion of lignification {unknown}
 p - a potion of degeneration {unknown}
 q - a potion of magic {unknown}
 r - a potion of experience {unknown}
 s - a potion of heal wounds {unknown}
Comestibles
 b - 5 rations


   Skills:
 + Level 3.8 Dodging
 + Level 6.1 Stealth
 + Level 1.3 Unarmed Combat
 + Level 2.5 Spellcasting
 + Level 4.5 Hexes
 + Level 1.0 Ice Magic


You had one spell level left.
You knew the following spells:

 Your Spells              Type           Power        Failure   Level  Hunger
a - Corona                Hex            ###....      3%          1    #......
b - Ensorcelled Hibernat  Hex/Ice        ##....       10%         2    ##.....
c - Confusing Touch       Hex            ###.....     10%         3    ###....

Your spell library contained the following spells:

 Spells                   Type           Power        Failure   Level  Hunger
 Tukima's Dance           Hex            ###.....     10%         3    ###....
 Dazzling Flash           Conj/Hex       #.....       24%         3    ###....


Dungeon Overview and Level Annotations

Branches:
Dungeon (4/15)
 Temple: D:4-7

Altars:
Ashenzari
Okawaru
Vehumet

Annotations:
D:3 Sigmund


Innate Abilities, Weirdness & Mutations

You cannot wear armour.
You are incapable of wielding weapons or throwing items.
Your paws allow you to move quietly. (Stealth)
You have sharp claws.
You have razor-sharp teeth.
You have supernaturally acute eyesight. (SInv)
You are carnivorous and can eat meat at any time.
You cover ground quickly.
You are covered in fur. (AC +1)
You have a slow metabolism.
Your sharp claws are effective at attacking unaware monsters.


Message History

You die...
You are now level 3!
You rejoin the land of the living...
Level annotation: Sigmund Welcome back, DeadF the Felid Enchanter.
Press ? for a list of commands and other information.
Eating one of 2 chunks of flesh.
You eat one of the 2 chunks of flesh.
This raw flesh tastes great.
Eating a chunk of flesh.
You eat the chunk of flesh.
This raw flesh tastes great.
The orc priest is too close now for your liking.
An orc priest is nearby!
The orc priest looks encouraged for a moment.
The orc priest closely misses you. The orc priest misses you.
The orc priest hits you with a +0 hand axe!
Ouch! That really hurt!
The orc priest hits you with a +0 hand axe!
Ouch! That really hurt!
You die...

#.# ###.####.#...####... #.#
#.####.##.#####... #.#
#.##.#.##.# #.....
#.##########.#.#..##.###.#...
#.##..........###.#...##.#...
#.##.#######(#.#....#...#....
#....# #.##.###...##.###.
###### #o##.####.........
#@##....#####.#### #####
#.#####.#####.#
#####...########.# #.......#
......#..........# #########
#####...########## #####


You could see an orc priest.

Vanquished Creatures
  Jessica (D:2)
  Robin (D:2)
  3 adders
  A worm (D:3)
  3 orcs (D:3)
  A ball python (D:1)
  4 bats
  A giant cockroach (D:1)
  12 goblins
  7 hobgoblins
  A quokka (D:4)
  A frilled lizard (D:2)
  8 kobolds
  6 rats
50 creatures vanquished.

Notes
Turn   | Place    | Note
-------+----------+-------------------------------------------
     0 | D:1      | DeadF the Felid Enchanter began the quest for the Orb.
     0 | D:1      | Reached XP level 1. HP: 7/7 MP: 4/4
   690 | D:1      | Reached XP level 2. HP: 11/11 MP: 6/6
  1368 | D:2      | Noticed Robin
  1502 | D:3      | Learned a level 2 spell: Ensorcelled Hibernation
  1506 | D:3      | Reached skill level 5 in Stealth
  1654 | D:3      | Reached XP level 3. HP: 10/14 MP: 7/7
  2899 | D:3      | Noticed Sigmund
  3111 | D:2      | Learned a level 3 spell: Confusing Touch
  3218 | D:2      | Found an iron altar of Okawaru.
  3219 | D:2      | Found a shattered altar of Ashenzari.
  3220 | D:2      | Found a radiant altar of Vehumet.
  3326 | D:2      | Noticed Jessica
  3334 | D:2      | Killed Jessica
  3334 | D:2      | Reached XP level 4. HP: 18/18 MP: 3/8
  3455 | D:2      | Reached skill level 6 in Stealth
  3470 | D:2      | Killed Robin
  3820 | D:2      | Reached skill level 1 in Ice Magic
  4412 | D:3      | Killed from afar by Sigmund
  4413 | D:3      | Reached XP level 3. HP: -3/14 MP: 0/7
  4438 | D:3      | Slain by an orc priest

Illustrated notes

Levels and vault maps discovered:
D:1:      dpeg_arrival_pond, layout_loops_corners
D:2:      layout_loops_ring, chequers_temple_overflow_statue_of_worship,
          first_ration, minmay_goblin_outpost, uniq_robin, uniq_jessica
D:3:      layout_loops_ring, minmay_misc_feat_tower, uniq_ijyb, uniq_sigmund
D:4:      layout_loops_ring, minmay_temple_entry_stoned_glass,
          ebering_ghost_disaster_area, grunt_gozag_breadcrumbs,
          uniq_blork_the_orc, uniq_pikel

Skill      XL: |  1  2  3  4 |
---------------+-------------+-----
Dodging        | 3 |  3.8
Stealth        | 5 6 |  6.1
Ice Magic      | 1 |  1.0
Unarmed Combat | |  1.3
Spellcasting   | |  2.5
Hexes          | |  4.5

Action                   |  1- 3 |  4- 6 || total
-------------------------+-------+-------++-------
Melee: Unarmed           |    71 |    47 ||   118
       Bite              |       |     2 ||     2
 Cast: Ensorcelled Hiber |    18 |    14 ||    32
 Stab: Sleeping          |    25 |     7 ||    32
       Distracted        |     1 |     1 ||     2
  Eat: Chunk             |    15 |     3 ||    18
Armor: Skin              |     3 |     2 ||     5
Dodge: Dodged            |    42 |    53 ||    95
